 Dungeon Crawl Stone Soup version 0.32-a0-128-g77eb882913 (webtiles) character file.

Game seed: 185735912343148236

5515 jasper the Destroyer (level 10, -3/64 HPs)
             Began as a Deep Elf Conjurer on Feb 7, 2024.
             Was a Priest of Vehumet.
             Slain by a yak (10 damage)
             ... on level 8 of the Dungeon.
             The game lasted 00:20:51 (9840 turns).

jasper the Destroyer (Deep Elf Conjurer)            Turns: 9840, Time: 00:20:52

Health: -3/64      AC:  6    Str:  4    XL:     10   Next: 43%
Magic:  13/25      EV: 11    Int: 34    God:    Vehumet [***...]
Gold:   458        SH:  5    Dex: 13    Spells: 9/28 levels left

rFire   . . .        i - +2 whip (elec)
rCold   . . .        G - +0 buckler
rNeg    . . .        a - +1 robe
rPois   .            (no helmet)
rElec   .            z - +0 cloak
rCorr   .            J - +0 pair of gloves
SInv    .            B - +0 pair of boots
Will    +....        f - amulet of regeneration
Stlth   ++           u - +6 ring of intelligence
HPRegen 1.10/turn    (no ring)
MPRegen 0.19/turn

%: no passive effects
@: very slightly contaminated
A: no striking features
a: Renounce Religion


You were on level 8 of the Dungeon.
You worshipped Vehumet.
Vehumet was most pleased with you.
You visited 2 branches of the dungeon, and saw 9 of its levels.
You also visited: Sewer.

You collected 458 gold pieces.

Inventory:

Hand Weapons
 c - a +0 dagger of draining
 i - a +2 whip of electrocution (weapon)
Missiles
 F - 3 curare-tipped darts
Armour
 a - a +1 robe (worn)
 z - a +0 cloak (worn)
 B - a +0 pair of boots (worn)
 G - a +0 buckler (worn)
 J - a +0 pair of gloves (worn)
Magical Staves
 H - a staff of earth
Jewellery
 d - a +6 ring of strength
 f - an amulet of regeneration (around neck)
 j - a ring of ice
 u - a +6 ring of intelligence (left hand)
 y - an amulet of faith
 D - an amulet of magic regeneration
Wands
 x - a wand of flame (10)
 C - a wand of roots (13)
 I - a wand of paralysis (16)
Scrolls
 b - 2 scrolls of fog
 l - a scroll of enchant armour
 m - a scroll of vulnerability {unknown}
 q - a scroll of identify
 A - a scroll of fear
Potions
 e - a potion of enlightenment
 g - a potion of ambrosia
 h - 3 potions of curing
 k - 2 potions of berserk rage
 n - 2 potions of degeneration
 o - a potion of brilliance {unknown}
 p - a potion of mutation {unknown}
 s - 2 potions of lignification {unknown}
 t - a potion of invisibility {unknown}
 v - 3 potions of attraction {unknown}
 w - 5 potions of heal wounds {unknown}
 E - 2 potions of cancellation {unknown}


   Skills:
 - Level 8.0 Fighting
 - Level 2.4 Dodging
 - Level 2.4 Stealth
 - Level 5.0 Shields
 + Level 9.8 Spellcasting
 - Level 10.0 Conjurations


You had 9 spell levels left.
You knew the following spells:

 Your Spells              Type           Power      Damage    Failure   Level
a - Magic Dart            Conj           100%       1d8       1%          1
b - Searing Ray           Conj           100%       2d8       1%          2
c - Fulminant Prism       Conj/Alch      25%        3d13      1%          4
d - Iskenderun's Mystic   Conj/Tloc      50%        2d11      1%          4
e - Mephitic Cloud        Conj/Alch/Air  39%        N/A       1%          3
f - Yara's Violent Unrav  Hex/Alch       8%         3d5       32%         5

Your spell library contained the following spells:

 Spells                   Type           Power      Damage    Failure   Level
 Volatile Blastmotes      Fire/Tloc      32%        2d12      4%          3
 Flame Wave               Conj/Fire      50%        2d12      1%          4
 Inner Flame              Hex/Fire       16%        N/A       4%          3
 Jinxbite                 Hex            32%        N/A       8%          2
 Sticky Flame             Fire/Alch      16%        2d5       13%         4
 Enfeeble                 Hex            8%         N/A       100%        7


Dungeon Overview and Level Annotations

Branches:
Dungeon (8/15)             Temple (1/1) D:4           Sewer (visited)
   Lair: D:8-11

Altars:
Ashenzari
Cheibriados
Dithmenos
Elyvilon
Gozag
Hepliaklqana
Kikubaaqudgha
Makhleb
Okawaru
Qazlal
Ru
Trog
Uskayaw
Vehumet
Xom
Zin
The Shining One
Lugonu

Shops:
D:3 (   D:5 [

Annotations:
D:2 1 runed translucent door, Crazy Yiuf
D:4 Grinder


Message History

The yak is knocked back by the mystic blast.
The yak slams into the rock wall!
The yak is severely wounded.
The mystic blast hits the yak!
You kill the yak!
Vehumet accepts your kill.
You feel your power returning. The yak gores you!
* * * LOW HITPOINT WARNING * * *
Your Spellcasting skill increases to level 9!
You take 8 damage, and have 4/64 hp.
You now have 21/25 mp.
Casting: Iskenderun's Mystic Blast (dangerous; 1% risk of failure)
Confirm with . or Enter, or press ? or * to list all spells.
You erupt in a blast of force!
The mystic blast hits the yak.
The yak is heavily wounded.
The yak is knocked back by the mystic blast.
The yak slams into the rock wall!
The yak is severely wounded.
The mystic blast hits the yak.
The yak is severely wounded.
The yak is knocked back by the mystic blast.
The yak slams into the rock wall!
The yak is almost dead.
You now have 17/25 mp.
Casting: Iskenderun's Mystic Blast (dangerous; 1% risk of failure)
Confirm with . or Enter, or press ? or * to list all spells.
You erupt in a blast of force!
The mystic blast hits the yak!
The yak is heavily wounded.
The mystic blast hits the yak!
You kill the yak!
Vehumet accepts your kill.
You feel your power returning.
The mystic blast hits the yak!
You kill the yak!
Vehumet accepts your kill.
You feel your power returning.
Casting: Iskenderun's Mystic Blast (dangerous; 1% risk of failure)
Confirm with . or Enter, or press ? or * to list all spells.
You miscast Iskenderun's Mystic Blast.
You are very lightly contaminated with residual magic.
Nothing appears to happen.
The yak gores you!
You die...

.. ♣~~~~.~ .....
P~~~~.~ #.#.#
♣♣~≈≈~~.~ ###.#.#
♣P~≈≈≈≈~.~ .....#
#♣♣~P≈~≈≈~.~ ....#
#~~P~P~≈≈≈.~ #..#
#.~~~~~PP~.~
#.Y######.#♣~~~~~≈.~
#††@†.....##♣~P~~~.≈
#...<)..)..).~~~P~.~
#..)########..~~P...
##### ##..♣♣..♣
##.....# #######


You could see a yak.

Vanquished Creatures
  Prince Ribbit (D:7)
  A wyvern (D:8)
  9 yaks (D:8)
  A steam dragon (D:8)
  2 water moccasins
  4 ice beasts
  3 orc warriors
  6 ogres
  3 kobold brigands
  2 bullfrogs
  Blork the orc (D:4)
  A gnoll sergeant (D:6)
  4 wights (D:7)
  6 killer bees (D:7)
  A howler monkey (D:7)
  5 electric eels (D:8)
  A crimson imp (D:4)
  2 bombardier beetles
  2 hounds
  4 orc priests
  A sleepcap (D:6)
  3 jellies
  A gnoll bouda (D:7)
  Natasha (thrice) (D:2)
  5 iguanas
  5 orc wizards
  Robin (D:4)
  8 gnolls
  10 adders
  2 river rats (Sewer)
  A shadow imp (D:6)
  2 ufetubi (D:7)
  2 ribbon worms
  4 dart slugs
  64 orcs
  5 endoplasms
  4 giant cockroaches
  14 goblins
  12 hobgoblins
  7 jackals
  6 quokkas
  11 ball pythons
  6 bats
  5 frilled lizards
  16 kobolds
  9 rats
266 creatures vanquished.

Vanquished Creatures (others)
  27 fulminant prisms
27 creatures vanquished.

Grand Total: 293 creatures vanquished

Notes
Turn   | Place    | Note
-------+----------+-------------------------------------------
     0 | D:1      | jasper the Deep Elf Conjurer began the quest for the Orb.
     0 | D:1      | Reached XP level 1. HP: 10/10 MP: 6/6
   176 | D:1      | Reached XP level 2. HP: 15/15 MP: 6/8
   198 | D:1      | Learned a level 2 spell: Searing Ray
   220 | D:1      | Reached skill level 5 in Conjurations
   772 | D:1      | Reached XP level 3. HP: 19/19 MP: 7/9
  1171 | D:2      | Noticed Natasha
  1176 | D:2      | Killed Natasha
  1177 | D:2      | Reached skill level 6 in Conjurations
  1317 | D:2      | Reached XP level 4. HP: 24/24 MP: 7/10
  1322 | D:2      | Learned a level 4 spell: Fulminant Prism
  2102 | D:2      | Noticed Natasha
  2114 | D:2      | Killed Natasha
  2123 | D:2      | Noticed Natasha
  2125 | D:2      | Killed Natasha
  2264 | D:2      | Found a runed translucent door.
  2265 | D:2      | Noticed Crazy Yiuf
  2505 | D:3      | Reached skill level 7 in Conjurations
  2505 | D:3      | Reached XP level 5. HP: 28/28 MP: 8/11
  2568 | D:3      | Found a faded altar of an unknown god.
  2695 | D:3      | Found a glowing golden altar of the Shining One.
  2795 | D:3      | Found Poxafiru's Weapon Shop.
  3129 | D:4      | Found a hazy altar of Hepliaklqana.
  3267 | D:4      | Noticed Blork the orc
  3268 | D:4      | Noticed an ogre
  3272 | D:4      | Noticed Grinder
  3274 | D:4      | Killed an ogre
  3275 | D:4      | Reached skill level 8 in Conjurations
  3278 | D:4      | Reached XP level 6. HP: 32/32 MP: 2/12
  3286 | D:4      | Noticed Robin
  3287 | D:4      | Killed Blork the orc
  3295 | D:4      | Killed Robin
  3322 | D:4      | Learned a level 4 spell: Iskenderun's Mystic Blast
  3571 | D:4      | Found a glowing drain.
  3577 | Sewer    | Entered a sewer
  3725 | Sewer    | Reached skill level 9 in Conjurations
  4006 | Sewer    | Reached XP level 7. HP: 30/36 MP: 6/13
  4422 | D:4      | Found a sacrificial altar of Ru.
  4478 | D:4      | Found a burning altar of Makhleb.
  4478 | D:4      | Found a shimmering altar of Xom.
  4588 | D:4      | Found a staircase to the Ecumenical Temple.
  4602 | Temple   | Entered the Ecumenical Temple
  4639 | Temple   | Became a worshipper of Vehumet
  4696 | D:5      | Entered Level 5 of the Dungeon
  4847 | D:5      | Reached skill level 10 in Conjurations
  4933 | D:5      | Reached skill level 1 in Fighting
  5023 | D:5      | Found Unaemio's Antique Armour Shop.
  5548 | D:6      | Reached XP level 8. HP: 40/48 MP: 1/14
  5854 | D:6      | Reached * piety under Vehumet
  5854 | D:6      | Offered knowledge of Sting by Vehumet.
  6191 | D:6      | Reached skill level 5 in Fighting
  6343 | D:6      | Found an ancient bone altar of Kikubaaqudgha.
  7289 | D:6      | Noticed an angel
  7290 | D:6      | Found a glowing silver altar of Zin.
  7609 | D:7      | Reached XP level 9. HP: 54/57 MP: 10/15
  7752 | D:7      | Reached skill level 1 in Shields
  7993 | D:7      | Reached ** piety under Vehumet
  7993 | D:7      | Offered knowledge of Momentum Strike by Vehumet.
  8011 | D:7      | Noticed Prince Ribbit
  8017 | D:7      | Killed Prince Ribbit
  8801 | D:7      | Found a snail-covered altar of Cheibriados.
  8988 | D:8      | Offered knowledge of Mephitic Cloud by Vehumet.
  8993 | D:8      | Learned a level 3 spell: Mephitic Cloud
  9010 | D:8      | Reached skill level 5 in Shields
  9134 | D:8      | Reached skill level 5 in Spellcasting
  9137 | D:8      | Reached XP level 10. HP: 57/64 MP: 3/20
  9149 | D:8      | Learned a level 5 spell: Yara's Violent Unravelling
  9307 | D:8      | Reached *** piety under Vehumet
  9455 | D:8      | Offered knowledge of Volatile Blastmotes by Vehumet.
  9840 | D:8      | Slain by a yak

Illustrated notes

Levels and vault maps discovered:
D:1:      reono_arrival_forest_river, layout_loops_ring, minivault_27,
          minivault_23
D:2:      cheibrodos_old_hovel, layout_basic, minivault_11, uniq_natasha,
          uniq_crazy_yiuf_cottage
D:3:      layout_rooms, mainiacjoe_overflow_boulevard, serial_shops, shop,
          ebering_ecumenical_altar_box
D:4:      layout_basic, grunt_temple_overflow_champion_of_chaos,
          nemelex_diamond_rough_becter, mainiacjoe_overflow_24_doors,
          mainiacjoe_overflow_surrounded_room, nicolae_yredelemnul_corpse_copse,
          minmay_temple_entry_large_hall, gup_sewer_entry_bubbles, uniq_grinder,
          uniq_blork_the_orc, uniq_robin
D:5:      layout_rooms, serial_shops, shop
D:6:      cheibrodos_thug_alley, layout_layer_cave, zin_angel,
          lemuel_doored_altar
D:7:      layout_gridville, slow_altar_2, uniq_prince_ribbit1
D:8:      minmay_goldmine, layout_loops_ring, serial_bayou,
          serial_bayou_crossing, serial_bayou_ford_a, serial_bayou_pond_c,
          serial_bayou_lagoon_b, serial_bayou_pond_c, special_room
          [special_room_orc]
Temple:   kb_corrupted_temple

Skill      XL: |  1  2  3  4  5  6  7  8  9 10 |
---------------+-------------------------------+-----
Conjurations   | 5 6 7 8 9 10 | 10.0
Fighting       | 3 7 8 |  8.0
Shields        | 5 |  5.0
Spellcasting   | 5 9 |  9.8
Dodging        | |  2.4
Stealth        | |  2.4

Action                     |  1- 3 |  4- 6 |  7- 9 | 10-12 || total
---------------------------+-------+-------+-------+-------++-------
  Melee: Whip              |       |    16 |    52 |     9 ||    77
         Punch             |       |       |     1 |       ||     1
   Cast: Magic Dart        |    64 |   129 |   154 |    28 ||   375
         Searing Ray       |     1 |     9 |    25 |     6 ||    41
         Fulminant Prism   |       |     3 |    18 |     6 ||    27
         Iskenderun's Myst |       |       |     8 |     7 ||    15
  Evoke: Wand              |       |       |     9 |     7 ||    16
    Use: Scroll            |       |     6 |     9 |       ||    15
         Potion            |       |     4 |       |     1 ||     5
 Armour: Robe              |     2 |    26 |    68 |    27 ||   123
  Dodge: Dodged            |     1 |    29 |    41 |     8 ||    79
  Block: Buckler           |       |       |    20 |     4 ||    24

Table legend: (Time is in decaauts)
 A = Elapsed time spent in this place.
 B = Non-inter-level travel time spent in this place.
 C = Inter-level travel time spent in this place.
 D = Time resting spent in this place.
 E = Time spent auto-exploring this place.
 F = Levels seen in this place.
 G = Mean time per level.
                   A        B        C        D        E       F      G
               +--------+--------+--------+--------+--------+-----+--------+
         Total |   9983 |   9695 |    288 |     97 |   8399 |  10 |  998.3 |
       Dungeon |   9246 |   8994 |    252 |     97 |   7782 |   8 | 1155.8 |
        Temple |     56 |     20 |     36 |      0 |     18 |   1 |   56.0 |
         Sewer |    680 |    680 |      0 |      0 |    599 |   1 |  680.0 |
               +--------+--------+--------+--------+--------+-----+--------+

Top non-repeatable levels by time:
     D:6: 2168 daAuts
     D:7: 1383 daAuts
     D:2: 1201 daAuts
     D:1: 1107 daAuts
     D:4: 959 daAuts
     D:8: 878 daAuts
     D:3: 792 daAuts
     D:5: 754 daAuts
   Sewer: 680 daAuts
  Temple: 56 daAuts
